Map: 애씨드 플랜트 - 래더

Players

Zest

  • Race: Protoss Protoss
  • League: Master
  • Spawn Location: 11:00

Classic - Winner!

  • Race: Protoss Protoss
  • League: Master
  • Spawn Location: 5:00

VOD

Have the link to the VOD?

Description

Time

  • Played on: Oct. 17, 2018, 5:32 a.m.
  • Length: 9:08
Show
View Real Time Build Order
Export as new Build Order

Zest Protoss 

Build Orders:  

Get SALT Encoding   

  12  0:00  Probe  
  13  0:12  Probe  
  14  0:17  Pylon  
  14  0:24  Probe  
  15  0:32  Probe  
  15  0:36  Gateway  
  15  0:40  Probe  
  16  0:46  Assimilator  
  17  0:51  Probe  
  17  0:54  Assimilator  
  18  1:00  Probe  
  19  1:06  Gateway  
  19  1:08  Probe  
  19  1:17  Probe  
  20  1:23  Cybernetics Core  
  21  1:29  Probe  
  22  1:35  Pylon  
  22  1:41  Probe  
  23  1:50  Warp Gate  
  23  1:53  Probe  
  24  1:59  Adept x2  
  28  2:10  Pylon  
  28  2:27  Stalker  
  28  2:28  Stalker  
  31  2:41  Robotics Facility  
  31  2:50  Gateway  
  31  2:57  Stalker  
  33  2:59  Stalker  
  35  3:11  Probe  
  36  3:18  Warp Prism  
  36  3:20  Shield Battery  
  36  3:28  Pylon  
  38  3:52  Stalker x3  
  44  3:57  Observer  
  44  4:00  Shield Battery  
  45  4:15  Adept  
  47  4:20  Pylon  
  45  4:42  Sentry x3  
  37  5:00  Probe  
  38  5:09  Adept x3  
  38  5:13  Gateway  
  44  5:19  Pylon  
  44  5:24  Observer  
  44  5:27  Robotics Bay  
  44  5:32  Immortal  
  48  6:00  Observer  
  48  6:02  Pylon  
  48  6:05  Disruptor  
  48  6:12  Pylon  
  51  6:31  Adept x4  
  59  6:55  Adept x4  
  67  7:03  Pylon  
  65  7:29  Adept x4  
  47  7:57  Adept x4  
  48  8:19  Adept x4  
  52  8:42  Stalker x4  
Show
View Real Time Build Order
Export as new Build Order

Classic Protoss - Winner!

Build Orders:  

Get SALT Encoding   

  12  0:00  Probe  
  13  0:12  Probe  
  14  0:17  Pylon  
  14  0:23  Probe  
  15  0:31  Probe  
  16  0:38  Gateway  
  16  0:39  Probe  
  16  0:45  Assimilator  
  17  0:50  Probe  
  17  0:55  Assimilator  
  18  0:58  Probe  
  19  1:06  Probe  
  20  1:12  Gateway  
  20  1:17  Probe  
  20  1:25  Cybernetics Core  
  21  1:29  Probe  
  22  1:39  Pylon  
  22  1:41  Probe  
  23  1:52  Warp Gate  
  23  1:57  Probe  
  23  2:00  Adept  
  26  2:01  Adept  
  26  2:07  Pylon  
  28  2:28  Adept x2  
  31  2:50  Nexus  
  31  2:55  Adept  
  33  3:08  Adept  
  35  3:15  Robotics Facility  
  35  3:17  Probe  
  36  3:23  Pylon  
  36  3:29  Shield Battery  
  36  3:36  Probe  
  38  3:53  Immortal  
  38  3:54  Stalker x2  
  45  4:18  Sentry  
  45  4:19  Stalker  
  47  4:35  Stalker x2  
  47  4:44  Immortal  
  49  4:59  Stalker x2  
  45  5:04  Probe x2  
  45  5:16  Probe x2  
  47  5:25  Stalker x2  
  47  5:26  Observer  
  52  5:31  Pylon  
  52  5:33  Probe  
  52  5:35  Probe  
  54  5:40  Immortal  
  58  5:52  Pylon  
  58  5:54  Sentry  
  60  5:58  Sentry  
  62  6:04  Pylon  
  62  6:08  Warp Prism  
  62  6:10  Probe x2  
  64  6:22  Stalker  
  64  6:23  Stalker  
  70  6:26  Pylon  
  70  6:29  Probe  
  70  6:31  Probe  
  72  6:36  Twilight Council  
  72  6:44  Immortal  
  75  6:58  Stalker x2  
  79  7:02  Pylon  
  79  7:07  Gateway  
  79  7:08  Gateway  
  77  7:28  Immortal  
  65  7:31  Zealot x2  
  49  7:53  Stalker x2  
  46  8:06  Immortal  
  46  8:07  Stalker x2  
  54  8:19  Zealot x2  
  54  8:31  Stalker x2  
  52  8:34  Shield Battery  
  52  8:40  Stalker x2  
  52  8:59  Zealot x2  
Tags
 
Add a new tag
Caveats
  • Supply blocks, unpowered buildings, or Contaminate may cause inaccurate times.
  • Supply counts are checked every 10 seconds.